 Dungeon Crawl Stone Soup version 0.13.0-15-g9204fa6 (webtiles) character file.

571 HungrySpirit the Chopper (level 6, -8/38 HPs)
             Began as a Gargoyle Fighter on Oct 20, 2013.
             Mangled by an ogre
             ... wielding a +0,+0 giant club
              (25 damage)
             ... on Level 4 of the Dungeon.
             The game lasted 00:05:53 (2703 turns).

HungrySpirit the Chopper (Gargoyle Fighter)         Turns: 2703, Time: 00:05:54

HP  -8/38        AC 11     Str 22      XL: 6   Next: 99%
MP   5/5         EV  6     Int  8      God:
Gold 140         SH 18     Dex  9      Spells:  0 memorised,  5 levels left

Res.Fire  : . . .   See Invis. : .   a - +0 hand axe {=f}
Res.Cold  : . . .   Warding    : .   b - +0 scale mail
Life Prot.: + . .   Conserve   : .   c - +0 shield
Res.Poison: +       Res.Corr.  : .   (no helmet)
Res.Elec. : +       Clarity    : .   (no cloak)
Sust.Abil.: . .     Spirit.Shd : .   (no gloves)
Res.Mut.  : .       Stasis     : .   (no boots)
Res.Rott. : +       Flight     : .   (no amulet)
Saprovore : . . .                    (no ring)
                                     (no ring)

@: slightly resistant to hostile enchantments, extremely unstealthy
A: fangs 1, talons 2, life protection 1, electricity resistance, slow metabolism
1, unbreathing, petrification resistance, AC +4
a: no special abilities


You were on level 4 of the Dungeon.
You were not hungry.

You visited 1 branch of the dungeon, and saw 4 of its levels.

You collected 120 gold pieces.

Inventory:

Hand weapons
 a - a +0,+0 hand axe (weapon) {=f}
Armour
 b - a +0 scale mail (worn)
 c - a +0 shield (worn)
Comestibles
 d - 2 bread rations
 j - a pear
 q - a meat ration
 u - a sausage
 v - a chunk of hound flesh
Scrolls
 e - a scroll of noise {unknown}
 f - a scroll of amnesia {unknown}
 g - 2 scrolls of recharging {unknown}
 l - 3 scrolls of curse armour {unknown}
 m - a scroll of blinking {unknown}
 n - a scroll of identify {unknown}
 s - a scroll of fog {unknown}
 t - a scroll of enchant weapon II {unknown}
Jewellery
 o - an uncursed amulet of stasis {unknown}
Potions
 h - 2 potions of might {unknown}
 i - 2 potions of speed {unknown}
 k - 2 potions of curing {unknown}
 p - a potion of brilliance {unknown}
 r - a potion of paralysis {unknown}


   Skills:
 - Level 3.2 Fighting
 + Level 6.6 Axes
 - Level 3.2 Armour
 - Level 3.2 Shields


You had 5 spell levels left.
You didn't know any spells.

Dungeon Overview and Level Annotations

Branches:
Dungeon (4/27)
 Temple: D:4-7

Altars:

Shops:
D:4 +


Innate Abilities, Weirdness & Mutations

You are resistant to torment.
You are immune to poison.
Your stone body is very resilient (AC +4).
You have very sharp teeth.
You have razor-sharp toenails.
You resist negative energy.
You are resistant to electric shocks.
You have a slow metabolism.
You can survive without breathing.
You are immune to petrification.


Message History

The ogre is lightly wounded.
The worm bites you but does no damage. You block the ogre's attack.
You hit the ogre but do no damage.
The ogre is lightly wounded.
You block the worm's attack. You block the ogre's attack.
You hit the ogre but do no damage.
The ogre is lightly wounded.
You hit the ogre. You claw the ogre.
The ogre is heavily wounded.
You hit the phantom.
The phantom is lightly damaged.
You block the ogre's attack. The phantom hits you.
The worm bites you but does no damage.
You hit the ogre. You claw the ogre.
The ogre is heavily wounded.
You hit the phantom.
The phantom is lightly damaged.
The ogre hits you with a giant club!
Ouch! That really hurt!
You die...

! ... #.......∩..#########
#.# . ... #..........# #.# .
... #..........# #.# # #.#
#.....##).# #.# ###.#
#.....##..# #.# ..#.#
#.....##..# #.# ..#.#
#.....##..# ###### #.#
..#.#######....p##..####....#
#.#
...............O@w.......<..#
#.#
..#.#######.....##..####....#
#.# ..#.# #.....##..# #....#
#.# ..#.# #.....##..# ######
#.# #.#.# ########..# #.#
#.#.# #.(# ##### #.# #.#.#
#..# #...# #)# #.#.# #..#
#...# #.# #.#.# #..# #...#
#.#


You could see a phantom, a worm and an ogre.

Vanquished Creatures
  A phantom (D:4)
  A hound (D:4)
  A scorpion (D:4)
  2 iguanas (D:4)
  A worker ant (D:4)
  7 gnolls (D:3)
  5 adders
  4 worms
  3 giant geckos
  An ooze (D:2)
  4 orcs
  4 bats
  6 hobgoblins
  12 kobolds
  A quokka (D:2)
  2 giant cockroaches
  3 giant newts
  6 goblins
  A jackal (D:1)
  A quokka skeleton (D:4)
  8 rats
74 creatures vanquished.

Notes
Turn   | Place    | Note
--------------------------------------------------------------
     0 | D:1      | HungrySpirit, the Gargoyle Fighter, began the quest for the Orb.
     0 | D:1      | Reached XP level 1. HP: 14/14 MP: 0/0
   115 | D:1      | Reached XP level 2. HP: 16/19 MP: 1/1
   763 | D:2      | Reached XP level 3. HP: 21/24 MP: 2/2
  1032 | D:2      | Reached XP level 4. HP: 28/28 MP: 3/3
  1146 | D:2      | Reached skill level 4 in Axes
  1417 | D:3      | Reached XP level 5. HP: 22/33 MP: 4/4
  1629 | D:3      | Reached skill level 5 in Axes
  1975 | D:4      | Found Qacovod's Book Shoppe.
  1988 | D:4      | Reached XP level 6. HP: 9/38 MP: 5/5
  2350 | D:4      | Noticed a phantom
  2379 | D:4      | Killed a phantom
  2379 | D:4      | Reached skill level 6 in Axes
  2676 | D:4      | Noticed a phantom
  2703 | D:4      | Mangled by an ogre

Action                   |  1- 3 |  4- 6 || total
-------------------------+-------+-------++-------
Melee: Hand axe          |    68 |   190 ||   258
